TOP OF THE 1ST |
Baffin Island Beavers batting - Pitching for Seattle Pikes : RHP Jesús Suárez
|
Pitching: RHP Jesús Suárez
|
|
Batting: LHB Chris Bates
|
0-0: Ball 1-0: Ground out 3-1 (Groundball, 34S)
|
Batting: RHB Jorge Morales
|
0-0: Ground out 4-3 (Groundball, 4M)
|
Batting: SHB Alonso Ferreira
|
0-0: Called Strike 0-1: SINGLE (Groundball, 34D)
|
Batting: LHB Jeff Cole
|
0-0: Called Strike 0-1: Ball 1-1: Foul Ball, location: 2F 1-2: Ground out 5-3 (Groundball, 56)
|
Top of the 1st over - 0 run(s), 1 hit(s), 0 error(s), 1 left on base; Baffin Island 0 - Seattle 0 |
BOTTOM OF THE 1ST |
Seattle Pikes batting - Pitching for Baffin Island Beavers : RHP Robert Reeves
|
Pitching: RHP Robert Reeves
|
|
Batting: LHB Bruno Lalonde
|
0-0: Ball 1-0: Called Strike 1-1: Foul Ball, location: 2F 1-2: Foul Ball, location: 2F 1-2: Ball 2-2: Ball 3-2: Strikes out swinging
|
Batting: RHB Manuel Rico
|
0-0: Foul Ball, location: 2F 0-1: Swinging Strike 0-2: Ball 1-2: Ball 2-2: Ball 3-2: Strikes out looking
|
Batting: LHB Luka Lagerweij
|
0-0: Ball 1-0: Swinging Strike 1-1: Foul Ball, location: 2F 1-2: Foul Ball, location: 2F 1-2: TRIPLE (Groundball, 3L)
|
Batting: RHB António Ortega
|
0-0: Ball 1-0: Ball 2-0: Foul Ball, location: 2F 2-1: Fly out, F7 (Flyball, 78D)
|
Bottom of the 1st over - 0 run(s), 1 hit(s), 0 error(s), 1 left on base; Baffin Island 0 - Seattle 0 |
TOP OF THE 2ND |
Baffin Island Beavers batting - Pitching for Seattle Pikes : RHP Jesús Suárez
|
Batting: LHB Lorenzo Villa
|
0-0: Ball 1-0: SINGLE (Groundball, 6MD)
|
Batting: RHB Tony Morton
|
0-0: Called Strike 0-1: Ball 1-1: Ball 2-1: SINGLE (Line Drive, 89S) Lorenzo Villa to second Runner from 2nd tries for 3rd, SAFE, throw made to third
|
Batting: LHB Keng-chi Lao
|
0-0: Called Strike 0-1: Ball 1-1: DOUBLE (Line Drive, 8RD) Lorenzo Villa scores Tony Morton to third Runner from 3rd tries for Home, SAFE, no throw or cutoff
|
Batting: RHB Bryan Sandstrom
|
0-0: Ball 1-0: Foul Ball, location: 2F 1-1: Called Strike 1-2: Fly out, F9 (Flyball, 9S)
|
Batting: RHB Bill Mark
|
0-0: Swinging Strike 0-1: Foul Ball, location: 2F 0-2: Strikes out swinging
|
Batting: LHB Chris Bates
|
0-0: Ball 1-0: Fly out, F5 (Popup, 15)
|
Top of the 2nd over - 2 run(s), 3 hit(s), 0 error(s), 1 left on base; Baffin Island 2 - Seattle 0 |
BOTTOM OF THE 2ND |
Seattle Pikes batting - Pitching for Baffin Island Beavers : RHP Robert Reeves
|
Batting: RHB John Anderson
|
0-0: Foul Ball, location: 2F 0-1: SINGLE (Line Drive, 9S)
|
Batting: LHB Chad Weaver
|
0-0: Ball 1-0: Ball 2-0: Grounds into double play, U4-3 (Groundball, 4M)
|
Batting: SHB Jong-min Kim
|
0-0: Ball 1-0: Ball 2-0: Foul Ball, location: 2F 2-1: Ball 3-1: Ground out 4-3 (Groundball, 4)
|
Bottom of the 2nd over - 0 run(s), 1 hit(s), 0 error(s), 0 left on base; Baffin Island 2 - Seattle 0 |
TOP OF THE 3RD |
Baffin Island Beavers batting - Pitching for Seattle Pikes : RHP Jesús Suárez
|
Batting: RHB Jorge Morales
|
0-0: Called Strike 0-1: Ball 1-1: Ball 2-1: Ground out 6-3 (Groundball, 6)
|
Batting: SHB Alonso Ferreira
|
0-0: Foul Ball, location: 2F 0-1: Ground out 1-3 (Groundball, 13S)
|
Batting: LHB Jeff Cole
|
0-0: Ball 1-0: Ball 2-0: Ball 3-0: Called Strike 3-1: Swinging Strike 3-2: Ground out 1-3 (Groundball, 25)
|
Top of the 3rd over - 0 run(s), 0 hit(s), 0 error(s), 0 left on base; Baffin Island 2 - Seattle 0 |
BOTTOM OF THE 3RD |
Seattle Pikes batting - Pitching for Baffin Island Beavers : RHP Robert Reeves
|
Batting: RHB George Howard
|
0-0: Foul Ball, location: 2F 0-1: Called Strike 0-2: Ball 1-2: Foul Ball, location: 2F 1-2: Foul Ball, location: 2F 1-2: Fly out, F9 (Flyball, 9LS)
|
Batting: RHB Naomi Kitamura
|
0-0: Foul Ball, location: 2F 0-1: Called Strike 0-2: Strikes out swinging
|
Batting: LHB Bruno Lalonde
|
0-0: Called Strike 0-1: Swinging Strike 0-2: Foul Ball, location: 2F 0-2: Strikes out swinging
|
Bottom of the 3rd over - 0 run(s), 0 hit(s), 0 error(s), 0 left on base; Baffin Island 2 - Seattle 0 |
TOP OF THE 4TH |
Baffin Island Beavers batting - Pitching for Seattle Pikes : RHP Jesús Suárez
|
Batting: LHB Lorenzo Villa
|
0-0: Foul Ball, location: 2F 0-1: Ball 1-1: Ground out 3-1 (Groundball, 34)
|
Batting: RHB Tony Morton
|
0-0: Called Strike 0-1: Foul Ball, location: 2F 0-2: Strikes out looking
|
Batting: LHB Keng-chi Lao
|
0-0: Ball 1-0: Called Strike 1-1: Ball 2-1: Foul Ball, location: 2F 2-2: Ball 3-2: Ground out 4-3 (Groundball, 4)
|
Top of the 4th over - 0 run(s), 0 hit(s), 0 error(s), 0 left on base; Baffin Island 2 - Seattle 0 |
BOTTOM OF THE 4TH |
Seattle Pikes batting - Pitching for Baffin Island Beavers : RHP Robert Reeves
|
Batting: RHB Manuel Rico
|
0-0: Ball 1-0: Called Strike 1-1: Ball 2-1: SINGLE (Groundball, 56D)
|
Batting: LHB Luka Lagerweij
|
0-0: Ball 1-0: Ball 2-0: Ball 3-0: Called Strike 3-1: Base on Balls Manuel Rico to second
|
Batting: RHB António Ortega
|
0-0: Ball 1-0: Fly out, F8 (Flyball, 8RM) Runner from 2nd tags up, SAFE at 3rd with throw
|
Batting: RHB John Anderson
|
0-0: Ball 1-0: Ball 2-0: Fly out, F8 (Flyball, 8LD) Runner from 3rd tags up, SCORES, no throw
|
Batting: LHB Chad Weaver
|
0-0: Called Strike 0-1: Called Strike Luka Lagerweij is caught stealing 2nd base
|
Bottom of the 4th over - 1 run(s), 1 hit(s), 0 error(s), 0 left on base; Baffin Island 2 - Seattle 1 |
TOP OF THE 5TH |
Baffin Island Beavers batting - Pitching for Seattle Pikes : RHP Jesús Suárez
|
Batting: RHB Bryan Sandstrom
|
0-0: Ball 1-0: SINGLE (Groundball, 34D)
|
Batting: RHB Bill Mark
|
0-0: Called Strike 0-1: Ball 1-1: Called Strike 1-2: Foul Ball, location: 2F 1-2: Foul Ball, location: 2F 1-2: Foul Ball, location: 2F 1-2: Foul Ball, location: 2F 1-2: Foul Ball, location: 2F 1-2: Strikes out swinging
|
Batting: LHB Chris Bates
|
0-0: Ball 1-0: SINGLE (Line Drive, 8RS) Bryan Sandstrom to second Runner from 2nd tries for 3rd, OUT! Chris Bates to second
|
Batting: RHB Jorge Morales
|
0-0: Ball 1-0: Ball 2-0: Foul Ball, location: 2F 2-1: SINGLE (Line Drive, 89M) Chris Bates to third Runner from 3rd tries for Home, SAFE, no throw or cutoff
|
Batting: SHB Alonso Ferreira
|
0-0: Called Strike 0-1: Swinging Strike 0-2: Ball 1-2: Ground out 3-1 (Groundball, 34)
|
Top of the 5th over - 1 run(s), 3 hit(s), 0 error(s), 1 left on base; Baffin Island 3 - Seattle 1 |
BOTTOM OF THE 5TH |
Seattle Pikes batting - Pitching for Baffin Island Beavers : RHP Robert Reeves
|
Now at C: Victor Howard
|
|
Batting: LHB Chad Weaver
|
0-0: Called Strike 0-1: Foul Ball, location: 2F 0-2: Fly out, F6 (Popup, 6MD)
|
Batting: SHB Jong-min Kim
|
0-0: Ground out 6-3 (Groundball, 6M)
|
Batting: RHB George Howard
|
0-0: Swinging Strike 0-1: Ball 1-1: Called Strike 1-2: Foul Ball, location: 2F 1-2: Fly out, F8 (Flyball, 8RD)
|
Bottom of the 5th over - 0 run(s), 0 hit(s), 0 error(s), 0 left on base; Baffin Island 3 - Seattle 1 |
TOP OF THE 6TH |
Baffin Island Beavers batting - Pitching for Seattle Pikes : RHP Jesús Suárez
|
Batting: LHB Jeff Cole
|
0-0: Ball 1-0: Foul Ball, location: 2F 1-1: Ball 2-1: Foul Ball, location: 2F 2-2: Ball 3-2: Ground out 6-3 (Groundball, 6M)
|
Batting: LHB Lorenzo Villa
|
0-0: Called Strike 0-1: Fly out, F7 (Flyball, 7S)
|
Batting: RHB Tony Morton
|
0-0: Ball 1-0: Swinging Strike 1-1: Foul Ball, location: 2F 1-2: TRIPLE (Line Drive, 9LS)
|
Pitching: LHP Joey Smith
|
|
Batting: LHB Keng-chi Lao
|
0-0: Called Strike 0-1: Swinging Strike 0-2: Ball 1-2: Foul Ball, location: 2F 1-2: Strikes out swinging
|
Top of the 6th over - 0 run(s), 1 hit(s), 0 error(s), 1 left on base; Baffin Island 3 - Seattle 1 |
BOTTOM OF THE 6TH |
Seattle Pikes batting - Pitching for Baffin Island Beavers : RHP Robert Reeves
|
Batting: RHB Naomi Kitamura
|
0-0: Ball 1-0: Ball 2-0: Ball 3-0: Base on Balls
|
Batting: LHB Bruno Lalonde
|
0-0: Called Strike Naomi Kitamura steals 2nd base 0-1: Ball 1-1: Swinging Strike 1-2: Ball 2-2: Fly out, F8 (Flyball, 8LD) Runner from 2nd tags up, SAFE at 3rd, no throw
|
Batting: RHB Manuel Rico
|
0-0: Called Strike 0-1: Foul Ball, location: 2F 0-2: Ball 1-2: Ground out 5-3 (Groundball, 56S) Naomi Kitamura scores
|
Batting: LHB Luka Lagerweij
|
0-0: SINGLE (Groundball, 56D)
|
Batting: RHB António Ortega
|
0-0: Called Strike Luka Lagerweij is caught stealing 2nd base
|
Bottom of the 6th over - 1 run(s), 1 hit(s), 0 error(s), 0 left on base; Baffin Island 3 - Seattle 2 |
TOP OF THE 7TH |
Baffin Island Beavers batting - Pitching for Seattle Pikes : LHP Joey Smith
|
Pitching: RHP Jim Nelson
|
|
Batting: LHB Victor Howard
|
0-0: Swinging Strike 0-1: Called Strike 0-2: Ball 1-2: Ground out 4-3 (Groundball, 34)
|
Batting: RHB Bill Mark
|
0-0: Called Strike 0-1: Ball 1-1: Swinging Strike 1-2: Strikes out swinging
|
Pitching: LHP John Whitaker
|
|
Batting: LHB Chris Bates
|
0-0: Ball 1-0: Foul Ball, location: 2F 1-1: Foul Ball, location: 2F 1-2: Ball 2-2: SINGLE (Groundball, 3D)
|
Pitching: RHP Ernesto Beltrán
|
|
Batting: RHB Jorge Morales
|
0-0: Ball 1-0: Called Strike Chris Bates steals 2nd base 1-1: Foul Ball, location: 2F 1-2: Foul Ball, location: 2F 1-2: Ball 2-2: Fly out, F8 (Flyball, 8RD)
|
Top of the 7th over - 0 run(s), 1 hit(s), 0 error(s), 1 left on base; Baffin Island 3 - Seattle 2 |
BOTTOM OF THE 7TH |
Seattle Pikes batting - Pitching for Baffin Island Beavers : RHP Robert Reeves
|
Batting: RHB António Ortega
|
0-0: Ball 1-0: Called Strike 1-1: Called Strike 1-2: Ground out 5-3 (Groundball, 56)
|
Batting: RHB John Anderson
|
0-0: Swinging Strike 0-1: Fly out, F8 (Flyball, 8LS)
|
Batting: LHB Chad Weaver
|
0-0: Ball 1-0: Ball 2-0: Ball 3-0: Base on Balls
|
Batting: SHB Jong-min Kim
|
0-0: Swinging Strike 0-1: Fielders Choice at 2nd, 6-4 (Groundball, 6)
|
Bottom of the 7th over - 0 run(s), 0 hit(s), 0 error(s), 0 left on base; Baffin Island 3 - Seattle 2 |
TOP OF THE 8TH |
Baffin Island Beavers batting - Pitching for Seattle Pikes : RHP Ernesto Beltrán
|
Pitching: LHP Cristián Escobar
|
|
Batting: SHB Alonso Ferreira
|
0-0: Ball 1-0: DOUBLE (Line Drive, 78D)
|
Batting: LHB Jeff Cole
|
0-0: Ball 1-0: Ball 2-0: Called Strike 2-1: Ball 3-1: Called Strike 3-2: Strikes out swinging
|
Batting: LHB Lorenzo Villa
|
0-0: Ball 1-0: Swinging Strike 1-1: Ball 2-1: Foul Ball, location: 2F 2-2: Ball Passed Ball! Alonso Ferreira to third 3-2: Foul Ball, location: 2F 3-2: SINGLE (Line Drive, 4MD) Alonso Ferreira scores
|
Pitching: RHP Gilberto Barrera
|
|
Batting: RHB Tony Morton
|
0-0: Ball 1-0: Fielders Choice at 2nd, 1-6 (Groundball, 23)
|
Pitching: RHP Jesús Mendoza
|
|
Batting: LHB Keng-chi Lao
|
0-0: Called Strike 0-1: Foul Ball, location: 2F 0-2: Ball 1-2: Fielders Choice at 2nd, U4 (Groundball, 4M)
|
Top of the 8th over - 1 run(s), 2 hit(s), 0 error(s), 1 left on base; Baffin Island 4 - Seattle 2 |
BOTTOM OF THE 8TH |
Seattle Pikes batting - Pitching for Baffin Island Beavers : RHP Robert Reeves
|
Batting: RHB George Howard
|
0-0: Called Strike 0-1: Called Strike 0-2: Foul Ball, location: 2F 0-2: Strikes out looking
|
Batting: RHB Naomi Kitamura
|
0-0: Called Strike 0-1: Ground out 5-3 (Groundball, 56)
|
Batting: LHB Bruno Lalonde
|
0-0: Ball 1-0: Bunt for hit - play at first, batter OUT! 1-3
|
Bottom of the 8th over - 0 run(s), 0 hit(s), 0 error(s), 1 left on base; Baffin Island 4 - Seattle 2 |
TOP OF THE 9TH |
Baffin Island Beavers batting - Pitching for Seattle Pikes : RHP Jesús Mendoza
|
Batting: LHB Victor Howard
|
0-0: Fly out, F7 (Flyball, 78M)
|
Batting: RHB Bill Mark
|
0-0: Ball 1-0: Fly out, F4 (Popup, 3D)
|
Batting: LHB Chris Bates
|
0-0: Ball 1-0: Fly out, F6 (Popup, 6D)
|
Top of the 9th over - 0 run(s), 0 hit(s), 0 error(s), 0 left on base; Baffin Island 4 - Seattle 2 |
BOTTOM OF THE 9TH |
Seattle Pikes batting - Pitching for Baffin Island Beavers : RHP Robert Reeves
|
Pitching: RHP Javier Rodríguez
|
|
Batting: RHB Manuel Rico
|
0-0: Ball 1-0: Ball 2-0: Called Strike 2-1: Fly out, F3 (Popup, 3SF)
|
Batting: LHB Luka Lagerweij
|
0-0: Ball 1-0: Ball 2-0: Ball 3-0: Called Strike 3-1: Swinging Strike 3-2: Base on Balls
|
Pinch Runner at 1st Randy Sheppard:
|
|
Batting: RHB António Ortega
|
0-0: Ball 1-0: Ball 2-0: Foul Ball, location: 2F 2-1: Ball 3-1: Grounds into double play, U4-3 (Groundball, 4)
|
Bottom of the 9th over - 0 run(s), 0 hit(s), 0 error(s), 0 left on base; Baffin Island 4 - Seattle 2 |
|